[Event "Titled Tuesday Blitz January 17 Late 2023"]
[White "Yedidia, Daniel"]
[Black "Ankerst, Mihael"]
[WhiteFideId "30905907"]
[BlackFideId "14602369"]
[WhiteElo "2041"]
[BlackElo "2370"]
[Result "1-0"]
[Round "03"]
[TimeControl "180+2"]
[Date "2023.01.17"]
[WhiteClock "0:00:22"]
[BlackClock "0:00:16"]

1. d4 Nf6 2. c4 g6 3. Nc3 Bg7 4. e4 d6 5. Nf3 O-O 6. Be2 Na6 7. O-O e5 8. Be3 c6 9. h3 exd4 10. Nxd4 Re8 11. f3 Nh5 12. Bf2 Nf4 13. Be3 Qg5 14. Bxf4 Qxf4 15. Nc2 Be5 16. Ne1 Bxh3 17. Kf2 Qg3+ 18. Ke3 Bxg2 19. Rg1 Qf4+ 20. Kd3 Bh3 21. Kc2 Rac8 22. a3 d5 23. Nd3 Qf6 24. Nxe5 Qxe5 25. Qd2 dxe4 26. fxe4 Be6 27. Qh6 Rcd8 28. Rh1 Qg7 29. Qh4 Nc5 30. Rae1 Nd7 31. Rh2 Ne5 32. Reh1 Bxc4 33. Qxh7+ Qxh7 34. Rxh7 Bxe2 35. Nxe2 a5 36. Kb1 a4 37. Ng3 b5 38. Rh8+ Kg7 39. R8h7+ Kf6 40. Rf1+ Ke6 41. Ne2 Rd2 42. Nf4+ Kd6 43. Rc1 Re7 44. Rh8 Rd7 45. Rc8 Nc4 46. Rc2 Rxc2 47. Kxc2 Ke5 48. Nd3+ Kxe4 49. Nc5+ Kd4 50. Nxd7 Ne3+ 51. Kb1 f5 52. Rxc6 g5 53. Rg6 g4 54. Nf8 Ke5 55. Kc1 Kf4 56. Ne6+ Kf3 57. Nd4+ Kf2 58. Rg5 g3 59. Nxf5 Nxf5 60. Rxf5+ Ke2 61. Rxb5 g2 62. Rg5 Kf1 63. Kc2 g1=Q 64. Rxg1+ Kxg1 65. Kc3 Kf2 66. Kb4 Ke3 67. Kxa4 Kd4 68. b4 Kd5 69. Ka5 Kd6 70. Kb6 Kd7 71. Kb7 Kd6 72. a4 Kd5 73. a5 Kc4 74. a6 Kxb4 75. a7 Kc5 76. a8=Q Kd5 77. Qd8+ Kc4 78. Qd6 Kb5 79. Qc6+ Kb4 80. Qd5 Kc3 81. Kb6 Kb4 82. Qd4+ Ka3 83. Kb5 Kb3 84. Qd3+ Ka2 85. Kb4 Ka1 86. Qd2 Kb1 87. Kb3 Ka1 88. Qd1# 1-0


[Site "https://www.chess.com"]

[Event "Titled Tuesday Blitz January 17 Late 2023"]
[White "Tokhirjonova, Gulrukhbegim"]
[Black "Kavutskiy, Konstantin"]
[WhiteFideId "14203626"]
[BlackFideId "2026384"]
[WhiteElo "2340"]
[BlackElo "2414"]
[Result "1-0"]
[Round "03"]
[TimeControl "180+2"]
[Date "2023.01.17"]
[WhiteClock "0:00:10"]
[BlackClock "0:00:05"]

1. e4 Nc6 2. Nf3 d6 3. h3 Nf6 4. Nc3 g6 5. d4 Bg7 6. Be3 O-O 7. Qd2 e5 8. d5 Ne7 9. Bh6 c6 10. Bxg7 Kxg7 11. dxc6 bxc6 12. O-O-O d5 13. Nxe5 Rb8 14. exd5 Nexd5 15. Nxd5 cxd5 16. Qd4 Rb6 17. Ng4 Bxg4 18. hxg4 Kg8 19. g5 Ne4 20. f4 Qc7 21. Rh4 Rfb8 22. b3 Nc3 23. Rd2 Nxa2+ 24. Kb2 Rb4 25. Qf6 d4 26. Rh3 Nc3 27. Rxd4 Na4+ 28. Kc1 R4b6 29. Qe5 Qxe5 30. fxe5 Nc5 31. Re3 Ne6 32. Rd6 Nxg5 33. Bc4 Ne6 34. Bxe6 fxe6 35. Red3 R8b7 36. Rd8+ Kf7 37. Rf3+ Ke7 38. Rff8 Rb5 39. Rde8+ Kd7 40. Rh8 Rxe5 41. Ref8 Kc6 42. Rc8+ Kb6 43. Rb8 Re2 44. Rxb7+ Kxb7 45. Rxh7+ Kb6 46. g4 Rg2 47. Re7 Rxg4 48. Rxe6+ Kb5 49. Kb2 a5 50. Ka3 Rg3 51. c4+ Kc5 52. Re5+ Kb6 53. Rb5+ Ka6 54. Rd5 g5 55. Rd6+ Kb7 56. Rg6 g4 57. Ka4 Kc7 58. Rg5 Kb6 59. Rb5+ Kc6 60. Rxa5 Re3 61. Rg5 g3 62. b4 Kc7 63. Rg6 Kd7 64. Kb5 Ke7 65. c5 Kf7 66. Rg4 Kf6 67. c6 Kf5 68. Rg8 Kf4 69. c7 Rc3 70. c8=Q Rxc8 71. Rxc8 1-0


[Site "https://www.chess.com"]

[Event "Titled Tuesday Blitz January 17 Late 2023"]
[White "Rosen, Eric"]
[Black "Lopez Gracia, Fernando"]
[WhiteFideId "2032562"]
[BlackFideId "2207184"]
[WhiteElo "2349"]
[BlackElo "2255"]
[Result "0-1"]
[Round "03"]
[TimeControl "180+2"]
[Date "2023.01.17"]
[WhiteClock "0:00:01"]
[BlackClock "0:00:12"]

1. e4 e5 2. Nf3 Nc6 3. c3 Nf6 4. d4 d5 5. Bb5 exd4 6. e5 Ne4 7. Nxd4 Bd7 8. Bxc6 bxc6 9. O-O Be7 10. f3 Nc5 11. Be3 O-O 12. Nd2 Nd3 13. f4 c5 14. N4b3 Nxb2 15. Qh5 g6 16. Qh6 c4 17. f5 Bxf5 18. Rxf5 gxf5 19. Nd4 Kh8 20. Nxf5 Rg8 21. Bd4 Rg6 22. e6+ f6 23. Qh4 c5 24. Be3 Nd3 25. Nh6 Ne5 26. Bf4 Rxh6 27. Qxh6 Ng6 28. Bg3 Qb6 29. Re1 Rd8 30. Nf3 d4 31. Nh4 Nxh4 32. Bxh4 Rf8 33. Qh5 Qc6 34. Qf5 d3 35. Bg3 d2 36. Rd1 Rd8 37. h3 Qa4 38. Qf3 Qc2 39. Bf4 Rd3 40. Qe2 Qxc3 41. Kh2 Qd4 42. Qh5 Qxf4+ 43. Kh1 Rd8 44. Qf7 Qd6 45. Kg1 c3 46. Qh5 c2 47. Rf1 d1=Q 48. Kf2 Q1d4+ 0-1


[Site "https://www.chess.com"]

[Event "Titled Tuesday Blitz January 17 Late 2023"]
[White "Vega Gutierrez, Sabrina"]
[Black "Andreev, Eduard"]
[WhiteFideId "2219026"]
[BlackFideId "14103400"]
[WhiteElo "2377"]
[BlackElo "2413"]
[Result "0-1"]
[Round "03"]
[TimeControl "180+2"]
[Date "2023.01.17"]
[WhiteClock "0:00:08"]
[BlackClock "0:00:41"]

1. e4 c5 2. Nf3 d6 3. d4 cxd4 4. Qxd4 Nc6 5. Bb5 Bd7 6. Bxc6 Bxc6 7. Nc3 e5 8. Qd3 h6 9. O-O Nf6 10. Rd1 Be7 11. Nd2 d5 12. exd5 Nxd5 13. Nxd5 Qxd5 14. Qxd5 Bxd5 15. c4 Bc6 16. Nb3 O-O 17. Na5 Be4 18. Be3 b6 19. Rd7 Rfe8 20. Nb3 f5 21. f3 Bc6 22. Rc7 Ba4 23. c5 Bd8 24. cxb6 axb6 25. Rc3 Bf6 26. Rac1 e4 27. Bd4 Bg5 28. Be3 f4 29. Bxb6 exf3 30. gxf3 Re2 31. R1c2 Rae8 32. Rxe2 Rxe2 33. Nd4 Rxb2 34. Bc7 Bf6 35. Rd3 g5 36. Nf5 Bc2 37. Ra3 Bxf5 38. Ra8+ Kg7 39. Ra7 Kg6 40. Ra6 Kg7 41. Ra7 Bd4+ 0-1


[Site "https://www.chess.com"]

[Event "Titled Tuesday Blitz January 17 Late 2023"]
[White "Carnicelli, Valerio"]
[Black "Sivakumar, Shaaketh"]
[WhiteFideId "856185"]
[BlackFideId "30940176"]
[WhiteElo "2370"]
[BlackElo "2337"]
[Result "1-0"]
[Round "03"]
[TimeControl "180+2"]
[Date "2023.01.17"]
[WhiteClock "0:00:10"]
[BlackClock "0:00:21"]

1. e4 e6 2. d4 d5 3. Nc3 Nf6 4. Bg5 Be7 5. e5 Nfd7 6. h4 h6 7. Be3 a6 8. Qg4 Kf8 9. Rh3 h5 10. Qf4 c5 11. O-O-O Nc6 12. Nf3 Qa5 13. Rg3 cxd4 14. Bxd4 b5 15. Kb1 Bb4 16. Ng5 Nd8 17. Rf3 Ke8 18. Bd3 Rf8 19. Nxd5 exd5 20. e6 Nxe6 21. Nxe6 fxe6 22. Bg6+ Kd8 23. Qg5+ Be7 24. Qxh5 Rxf3 25. Qxf3 Bf6 26. Bxf6+ Nxf6 27. h5 Ke7 28. g4 Bb7 29. g5 Nd7 30. Qf7+ Kd6 31. Qxg7 Qb4 32. h6 Qg4 33. Re1 Qxg5 34. h7 Qf6 35. Qh6 Ne5 36. Qh2 d4 37. Bf7 Rh8 38. Bg8 Bf3 39. Qg3 Kd5 40. Rxe5+ Qxe5 41. Qxf3+ Qe4 42. Bxe6+ Ke5 43. Qxe4+ Kxe4 44. Bg8 Kf3 45. Kc1 Kxf2 46. Kd2 Kf3 47. Kd3 Kf2 48. Kxd4 Ke2 49. b3 Kd2 50. c4 bxc4 51. bxc4 Kc2 52. c5 Kb2 53. c6 a5 54. c7 a4 55. c8=Q a3 56. Qc3+ Kb1 57. Qxa3 Kc2 58. Qb3+ Kd2 59. Qb2+ Ke1 60. Ke3 Kf1 61. Qf2# 1-0


[Site "https://www.chess.com"]

[Event "Titled Tuesday Blitz January 17 Late 2023"]
[White "Chernomordik, Pavel"]
[Black "Klose, Eli"]
[WhiteFideId "2804530"]
[BlackFideId "16242955"]
[WhiteElo "2150"]
[BlackElo "1519"]
[Result "0-1"]
[Round "03"]
[TimeControl "180+2"]
[Date "2023.01.17"]
[WhiteClock "0:01:00"]
[BlackClock "0:01:05"]

1. e4 e6 2. Nc3 d5 3. d4 Bb4 4. Ne2 dxe4 5. a3 Bxc3+ 6. Nxc3 Nc6 7. Be3 f5 8. f3 exf3 9. Qxf3 Nf6 10. O-O-O Ne7 11. Bg5 Ned5 12. Bc4 c6 13. Rhe1 O-O 14. h3 Qc7 15. g4 fxg4 16. hxg4 h6 17. Bd2 Bd7 18. g5 Nxc3 19. gxf6 Nxd1 20. Rg1 Rf7 21. Bxh6 Qh2 22. Bxg7 Qxg1 23. Qh5 Rxg7 24. fxg7 Ne3+ 25. Kd2 Nxc4+ 26. Kc3 Qxg7 0-1


[Site "https://www.chess.com"]

[Event "Titled Tuesday Blitz January 17 Late 2023"]
[White "Chor, Kevin"]
[Black "Kouskoutis, Georgios-Alexandros"]
[WhiteFideId "2090740"]
[BlackFideId "4234049"]
[WhiteElo "1944"]
[BlackElo "2295"]
[Result "1-0"]
[Round "03"]
[TimeControl "180+2"]
[Date "2023.01.17"]
[WhiteClock "0:01:22"]
[BlackClock "0:00:04"]

1. e4 c5 2. Nf3 d6 3. d4 cxd4 4. Nxd4 Nf6 5. Nc3 g6 6. Be3 Bg7 7. f3 a6 8. Qd2 h5 9. Nd5 Nbd7 10. c4 e6 11. Nc3 Qc7 12. O-O-O b6 13. Nc2 Bf8 14. Bf4 Ne5 15. Kb1 Bb7 16. Bg5 Nfd7 17. f4 Nxc4 18. Qd4 f6 19. Bxf6 Nxf6 20. Qxf6 Nxb2 21. Kxb2 Bg7 22. Qxe6+ Kf8 23. Qxd6+ Qxd6 24. Rxd6 Rc8 25. e5 1-0


[Site "https://www.chess.com"]

[Event "Titled Tuesday Blitz January 17 Late 2023"]
[White "Melikyan, Gnel"]
[Black "Haszon, David"]
[WhiteFideId "54109990"]
[BlackFideId "733610"]
[WhiteElo "2238"]
[BlackElo "2264"]
[Result "0-1"]
[Round "03"]
[TimeControl "180+2"]
[Date "2023.01.17"]
[WhiteClock "0:00:01"]
[BlackClock "0:01:17"]

1. Na3 g6 2. d4 Bg7 3. Nf3 d6 4. e3 Nf6 5. Be2 O-O 6. O-O Nbd7 7. c4 c6 8. b3 e5 9. dxe5 Nxe5 10. Bb2 Qc7 11. Nc2 a5 12. a4 Re8 13. Ncd4 Bd7 14. Rc1 Rad8 15. Qc2 Bc8 16. Rfd1 b6 17. h3 h6 18. Ba3 Kh7 19. Nd2 Ned7 20. Bf3 Bb7 21. Ne4 Nc5 22. Nxc5 dxc5 23. Ne2 Nd7 24. Nf4 Ne5 25. Be2 Bc8 26. Bb2 Bf5 27. e4 Bc8 28. g3 Kg8 29. Ng2 Bxh3 30. Ne3 Bc8 31. f4 Nd7 32. Bxg7 Kxg7 33. Qc3+ Kh7 34. e5 Nf8 35. Bg4 Ne6 36. f5 Nd4 37. e6 Qxg3+ 38. Kh1 Qh4+ 39. Kg2 Qg5 40. Re1 fxe6 41. fxg6+ Qxg6 42. Kh3 e5 0-1


[Site "https://www.chess.com"]

[Event "Titled Tuesday Blitz January 17 Late 2023"]
[White "Lacasa Diaz, Jose Antonio"]
[Black "Czernek, Tymon"]
[WhiteFideId "2203375"]
[BlackFideId "1199510"]
[WhiteElo "2359"]
[BlackElo "2314"]
[Result "0-1"]
[Round "03"]
[TimeControl "180+2"]
[Date "2023.01.17"]
[WhiteClock "0:00:37"]
[BlackClock "0:00:06"]

1. e4 c5 2. Nf3 d6 3. d4 cxd4 4. Nxd4 Nf6 5. Nc3 a6 6. Be3 e5 7. Nb3 Be6 8. Qd2 Nbd7 9. O-O-O b5 10. f4 Rc8 11. f5 Bc4 12. Kb1 Be7 13. g4 Nxg4 14. Rg1 Nxe3 15. Qxe3 h6 16. Bxc4 bxc4 17. Nd2 Bg5 18. Qe2 Nb6 19. Nf3 Bf6 20. Rd2 Qc7 21. Qd1 Rd8 22. Rdg2 Qc5 23. Rd2 Rd7 24. Rgg2 Ke7 25. Rg3 Rb8 26. Ka1 Qb4 27. a3 Qa5 28. Rd5 Nxd5 29. Nxd5+ Kf8 30. Nd2 Qc5 31. Rc3 Rdb7 32. Nxc4 Qd4 33. Qf1 Qxe4 34. Nxf6 gxf6 35. Nxd6 Qd5 36. Nxb7 Qxb7 37. Rb3 Qc7 38. Rc3 Qd6 39. Qc1 e4 40. Qxh6+ Ke7 41. Qe3 Qd1+ 42. Ka2 Qd5+ 43. b3 Qxf5 44. Rc4 Kf8 45. Rxe4 Rc8 46. Qh6+ Kg8 47. Qe3 Rxc2+ 48. Kb1 Rc8 49. Qg3+ Kf8 50. Qe1 Re8 51. Ka2 Qxe4 52. Qb4+ Qxb4 53. axb4 Re2+ 54. Ka3 Rxh2 55. Ka4 Rh5 0-1


[Site "https://www.chess.com"]

[Event "Titled Tuesday Blitz January 17 Late 2023"]
[White "Dudzinski, Pawel"]
[Black "Ismagilov, Damir"]
[WhiteFideId "1117890"]
[BlackFideId "34199982"]
[WhiteElo "2186"]
[BlackElo "2156"]
[Result "0-1"]
[Round "03"]
[TimeControl "180+2"]
[Date "2023.01.17"]
[WhiteClock "0:00:02"]
[BlackClock "0:00:10"]

1. e4 d6 2. Nc3 e5 3. g3 g6 4. Bg2 Bg7 5. Nge2 Ne7 6. d4 O-O 7. Be3 c6 8. a4 Qc7 9. O-O Bg4 10. h3 Be6 11. Qd2 Na6 12. Kh2 Rad8 13. Bh6 d5 14. Bxg7 Kxg7 15. exd5 Nxd5 16. Nxd5 Bxd5 17. Qc3 Bxg2 18. Kxg2 Rfe8 19. Rad1 exd4 20. Nxd4 Kg8 21. Nf3 b6 22. Ng5 Nc5 23. b4 Rxd1 24. Rxd1 Ne6 25. Re1 Qd7 26. Nxe6 Rxe6 27. Rxe6 Qxe6 28. a5 Qe4+ 29. Kh2 h5 30. axb6 axb6 31. h4 Qf5 32. f3 Qd5 33. Kg2 c5 34. bxc5 bxc5 35. Qe3 Qd6 36. c4 Kg7 37. Kf2 f6 38. Ke2 Qxg3 39. Qe7+ Kh6 40. Qf8+ Kh7 41. Qf7+ Kh6 42. Qxf6 Qg2+ 43. Kd3 Qf1+ 44. Kc3 Qa1+ 45. Kb3 Qxf6 0-1


[Site "https://www.chess.com"]

[Event "Titled Tuesday Blitz January 17 Late 2023"]
[White "Khripachenko, Alexander"]
[Black "Gurevich, Dmitry"]
[WhiteFideId "54184975"]
[BlackFideId "2000407"]
[WhiteElo "2110"]
[BlackElo "2393"]
[Result "1-0"]
[Round "03"]
[TimeControl "180+2"]
[Date "2023.01.17"]
[WhiteClock "0:01:05"]
[BlackClock "0:00:07"]

1. e4 c5 2. Nf3 d6 3. d4 cxd4 4. Nxd4 Nf6 5. Nc3 Nc6 6. f3 Nxd4 7. Qxd4 g6 8. Be3 Bg7 9. O-O-O O-O 10. Qd2 Be6 11. h4 h5 12. Kb1 Rc8 13. Be2 Rxc3 14. Qxc3 Nxe4 15. Qb4 Ng3 16. Rhe1 Nxe2 17. Rxe2 Qc7 18. Bd4 Bxd4 19. Qxd4 Rc8 20. b3 Qc5 21. Kb2 Qxd4+ 22. Rxd4 Rc5 23. c4 a6 24. a4 a5 25. Kc3 Kg7 26. Rb2 Kf6 27. b4 axb4+ 28. Rxb4 Rc7 29. a5 Bc8 30. Rb5 Rc6 31. Kb4 e5 32. Rd2 Be6 33. c5 dxc5+ 34. Rxc5 Ra6 35. Rb5 Rc6 36. Rxb7 Rc4+ 37. Kb5 Rc1 38. a6 Bc4+ 39. Kb6 Rb1+ 40. Kc5 Rc1 41. Rb6+ Kf5 42. a7 Be6+ 43. Kd6 Ra1 44. Rb7 1-0


[Site "https://www.chess.com"]

[Event "Titled Tuesday Blitz January 17 Late 2023"]
[White "Remolar Gallen, Jose"]
[Black "Crevatin, Leo"]
[WhiteFideId "2215187"]
[BlackFideId "1726307"]
[WhiteElo "2285"]
[BlackElo "2292"]
[Result "0-1"]
[Round "03"]
[TimeControl "180+2"]
[Date "2023.01.17"]
[WhiteClock "0:00:03"]
[BlackClock "0:00:17"]

1. d4 Nf6 2. c4 e6 3. Nc3 Bb4 4. e3 O-O 5. Ne2 c6 6. a3 Ba5 7. d5 cxd5 8. b4 Bc7 9. cxd5 d6 10. Bb2 e5 11. Ng3 a5 12. Be2 Na6 13. Qb3 Bd7 14. O-O Qe7 15. Rfc1 Rfc8 16. h3 g6 17. Rc2 h5 18. Bd3 Bd8 19. Rac1 h4 20. Nge2 Nh7 21. Bb5 Bf5 22. e4 Bd7 23. Bxd7 Qxd7 24. Na2 axb4 25. axb4 Rxc2 26. Rxc2 Rc8 27. Rc4 Bb6 28. Nec3 Nf6 29. Rxc8+ Qxc8 30. Ba3 Bd4 31. Bb2 Nc7 32. Na4 Nb5 33. Nb6 Bxb6 0-1


[Site "https://www.chess.com"]

[Event "Titled Tuesday Blitz January 17 Late 2023"]
[White "Novikova, Galina"]
[Black "Fernandez Garcia, Gumersindo"]
[WhiteFideId "4157095"]
[BlackFideId "24516740"]
[WhiteElo "2073"]
[BlackElo "2160"]
[Result "0-1"]
[Round "03"]
[TimeControl "180+2"]
[Date "2023.01.17"]
[WhiteClock "0:00:07"]
[BlackClock "0:01:17"]

1. e4 d6 2. d4 Nf6 3. Nc3 e5 4. f3 c6 5. Be3 Nbd7 6. Qd2 Be7 7. O-O-O b5 8. g4 b4 9. Nce2 a5 10. h4 O-O 11. h5 a4 12. Kb1 b3 13. cxb3 axb3 14. a3 d5 15. g5 Ne8 16. g6 Nef6 17. gxh7+ Kh8 18. Ng3 exd4 19. Bxd4 c5 20. Bf2 d4 21. Nf5 Ne5 22. Nxg7 Kxg7 23. Qg5+ Kh8 24. Qxe5 Qd6 25. Qxd6 Bxd6 26. Bc4 Be6 27. Bxe6 fxe6 28. Ne2 Kxh7 29. Bg3 e5 30. Bh4 Ng8 31. Rdf1 Nh6 32. Bg5 c4 33. Bxh6 Kxh6 34. Ng3 Kh7 35. Nf5 Bxa3 36. bxa3 Rxa3 37. Rhg1 Rfa8 38. Rg7+ Kh8 0-1


[Site "https://www.chess.com"]

[Event "Titled Tuesday Blitz January 17 Late 2023"]
[White "Rego, Pedro Filipe"]
[Black "Adewumi, Tanitoluwa"]
[WhiteFideId "1904310"]
[BlackFideId "30966396"]
[WhiteElo "2312"]
[BlackElo "2283"]
[Result "1-0"]
[Round "03"]
[TimeControl "180+2"]
[Date "2023.01.17"]
[WhiteClock "0:00:36"]
[BlackClock "0:00:03"]

1. c4 e5 2. Nc3 Nc6 3. g3 g6 4. Bg2 d6 5. e4 h5 6. h3 h4 7. g4 Bh6 8. Nge2 Be6 9. d3 Bxc1 10. Rxc1 Qg5 11. O-O Nge7 12. f4 exf4 13. Nxf4 Nd4 14. Ncd5 O-O-O 15. Qd2 Nec6 16. b4 Bxg4 17. hxg4 h3 18. Bf3 Ne5 19. Bd1 Rh4 20. Qf2 h2+ 21. Kh1 Rdh8 22. Qxd4 Nxg4 23. Bxg4+ Qxg4 24. Ng2 Rh3 25. Qxa7 Rg3 26. Qa8+ Kd7 27. Rxf7+ Ke6 28. Re7# 1-0


[Site "https://www.chess.com"]

[Event "Titled Tuesday Blitz January 17 Late 2023"]
[White "Zeman, Matyas"]
[Black "Saveliev, Alexei"]
[WhiteFideId "364398"]
[BlackFideId "24128546"]
[WhiteElo "2296"]
[BlackElo "2385"]
[Result "1-0"]
[Round "03"]
[TimeControl "180+2"]
[Date "2023.01.17"]
[WhiteClock "0:00:19"]
[BlackClock "0:00:11"]

1. d4 g6 2. e4 Bg7 3. Nf3 d6 4. Bc4 Nc6 5. c3 Nf6 6. Qe2 Bg4 7. Nbd2 O-O 8. h3 Bxf3 9. Nxf3 Nd7 10. O-O e5 11. dxe5 Ndxe5 12. Nxe5 Nxe5 13. Bb3 a5 14. a4 Qe7 15. f4 Nd7 16. Bd2 Nc5 17. Bc2 Rae8 18. Rae1 Kh8 19. Qc4 Qe6 20. Qd5 Qd7 21. e5 Nxa4 22. exd6 Nb6 23. Qxb7 Qxd6 24. Bc1 Nc4 25. Qb5 Qb6+ 26. Qxb6 cxb6 27. Bb3 Nd6 28. Rxe8 Rxe8 29. Rd1 Bf8 30. Kf2 Nf5 31. g4 Bc5+ 32. Kf3 Nd6 33. Bd5 Kg7 34. Bd2 f5 35. g5 Ne4 36. Bc1 a4 37. Re1 Nd6 38. Rxe8 Nxe8 39. Bc6 Nd6 40. Bxa4 h6 41. h4 hxg5 42. hxg5 Kf7 43. b4 Bg1 44. Bb3+ Ke7 45. Bd2 b5 46. Be1 Bb6 47. Bd5 Bc7 48. Bf2 Bd8 49. Bc6 Ke6 50. Bc5 Ne4 51. Bxe4 fxe4+ 52. Kxe4 Bc7 53. Bd4 Bd6 54. Be5 Be7 55. Kd4 Bf8 56. c4 Bxb4 57. cxb5 Bd2 58. b6 Ba5 59. b7 Bb6+ 60. Kc4 Ba7 61. b8=Q Bxb8 62. Bxb8 Kf5 63. Be5 Ke6 64. Kc5 Kf5 65. Kd5 Kg4 66. Ke6 Kh4 67. Kf6 Kh5 68. Kg7 Kg4 69. Kxg6 Kh4 70. f5 Kg4 71. f6 Kf3 72. f7 1-0


[Site "https://www.chess.com"]

[Event "Titled Tuesday Blitz January 17 Late 2023"]
[White "Richter, Paul"]
[Black "Shubin, Daniel"]
[WhiteFideId "2046350"]
[BlackFideId "30936470"]
[WhiteElo "2171"]
[BlackElo "2231"]
[Result "1/2-1/2"]
[Round "03"]
[TimeControl "180+2"]
[Date "2023.01.17"]
[WhiteClock "0:00:59"]
[BlackClock "0:01:39"]

1. e4 e6 2. d4 d5 3. Nc3 Bb4 4. e5 c5 5. a3 Bxc3+ 6. bxc3 Ne7 7. h4 Qc7 8. Nf3 b6 9. h5 h6 10. a4 Ba6 11. Bxa6 Nxa6 12. Rh4 Rc8 13. Rg4 cxd4 14. cxd4 Nf5 15. Ba3 Qc3+ 16. Kf1 Qxc2 17. Qe1 Qd3+ 18. Kg1 Qc3 19. Qd1 Qc2 20. Qe1 Qc3 21. Qd1 Qc2 22. Qe1 Qc3 1/2-1/2


[Site "https://www.chess.com"]

[Event "Titled Tuesday Blitz January 17 Late 2023"]
[White "Figorito, Nick"]
[Black "Sebag, Marie"]
[WhiteFideId "30923689"]
[BlackFideId "617822"]
[WhiteElo "2036"]
[BlackElo "2430"]
[Result "0-1"]
[Round "03"]
[TimeControl "180+2"]
[Date "2023.01.17"]
[WhiteClock "0:00:30"]
[BlackClock "0:02:14"]

1. Nf3 Nf6 2. g3 b6 3. Bg2 Bb7 4. O-O c5 5. c4 e6 6. Nc3 Be7 7. b3 O-O 8. Bb2 d6 9. d4 cxd4 10. Qxd4 Nbd7 11. Rad1 a6 12. Nh4 Bxg2 13. Nxg2 Qc7 14. Ne4 Rac8 15. Nxd6 Rcd8 16. Qf4 e5 17. Qd2 Nc5 18. Nf5 Rxd2 19. Rxd2 Nce4 20. Rd3 Bc5 21. Nge3 g6 0-1


[Site "https://www.chess.com"]

[Event "Titled Tuesday Blitz January 17 Late 2023"]
[White "Prydun, Andriy"]
[Black "Kochetov, Andrey"]
[WhiteFideId "14145898"]
[BlackFideId "24130532"]
[WhiteElo "2134"]
[BlackElo "2165"]
[Result "0-1"]
[Round "03"]
[TimeControl "180+2"]
[Date "2023.01.17"]
[WhiteClock "0:00:02"]
[BlackClock "0:00:11"]

1. e4 d5 2. exd5 Qxd5 3. Nc3 Qa5 4. h3 Nf6 5. Nf3 c6 6. d4 Bf5 7. Ne5 h6 8. Nc4 Qc7 9. Bd3 Bxd3 10. Qxd3 e6 11. O-O Be7 12. Qf3 O-O 13. Bf4 Qd8 14. Rad1 Nbd7 15. Rfe1 Nd5 16. Bg3 Nxc3 17. Qxc3 Nf6 18. Qb3 b6 19. Ne5 Qc8 20. c4 Rd8 21. Bh4 c5 22. d5 Nxd5 23. cxd5 Bxh4 24. Nxf7 Kxf7 25. dxe6+ Kf8 26. Qf3+ Kg8 27. Rxd8+ Qxd8 28. Qf7+ Kh8 29. e7 Qe8 30. Qd5 Rb8 31. Re6 Bf6 32. b3 Qf7 33. Rxf6 Qxf6 34. Qd8+ Rxd8 0-1


[Site "https://www.chess.com"]

[Event "Titled Tuesday Blitz January 17 Late 2023"]
[White "Kaganskiy, Gleb"]
[Black "Rodrigues, Tiago Pereira"]
[WhiteFideId "4132025"]
[BlackFideId "2101203"]
[WhiteElo "2205"]
[BlackElo "2155"]
[Result "0-1"]
[Round "03"]
[TimeControl "180+2"]
[Date "2023.01.17"]
[WhiteClock "0:00:05"]
[BlackClock "0:00:16"]

1. e4 c5 2. Nf3 a6 3. c3 d5 4. exd5 Qxd5 5. d4 Nf6 6. Be2 e6 7. Be3 Nbd7 8. dxc5 Qxd1+ 9. Bxd1 Bxc5 10. Bxc5 Nxc5 11. Bc2 b6 12. Ne5 Bb7 13. O-O Ke7 14. Nd2 Rhd8 15. Ndf3 h6 16. Rad1 g5 17. Nd4 Kf8 18. Ndc6 Rdc8 19. Nd4 Kg7 20. f3 Nd5 21. Rfe1 a5 22. Nd3 Nxd3 23. Bxd3 Nf4 24. Bf1 Bd5 25. a3 Kf6 26. Kf2 Rc7 27. Nb5 Rd7 28. Nd4 Rad8 29. Ne2 Ng6 30. Nd4 Ne5 31. Bb5 Rd6 32. Bf1 h5 33. Nb5 R6d7 34. Nd4 h4 35. Bb5 Rd6 36. Bf1 Ng6 37. Nb5 R6d7 38. Nd4 Nf4 39. Bb5 Rd6 40. Bf1 Bb7 41. g3 hxg3+ 42. hxg3 Ng6 43. Be2 Bd5 44. Nb5 R6d7 45. Rh1 Bb3 46. Rxd7 Rxd7 47. Nd4 Bd5 48. Rd1 Rd8 49. Nb5 Rh8 50. Kg1 Ne5 51. Nd4 Ke7 52. Rd2 Rh3 53. Nf5+ Kf6 54. Kg2 g4 55. Nd4 Rh8 56. Kg1 gxf3 57. Bf1 Ng4 58. Rh2 Rxh2 0-1


[Site "https://www.chess.com"]

[Event "Titled Tuesday Blitz January 17 Late 2023"]
[White "Janaszak, Dawid"]
[Black "Kalajzic, Ivan"]
[WhiteFideId "1119206"]
[BlackFideId "14506378"]
[WhiteElo "2316"]
[BlackElo "2062"]
[Result "1-0"]
[Round "03"]
[TimeControl "180+2"]
[Date "2023.01.17"]
[WhiteClock "0:01:29"]
[BlackClock "0:00:32"]

1. e4 Nc6 2. Nf3 d6 3. d4 Bg4 4. Bb5 a6 5. Bxc6+ bxc6 6. h3 Bh5 7. O-O Nf6 8. Re1 Nd7 9. Nbd2 c5 10. dxc5 Nxc5 11. Nf1 e5 12. Ng3 Bxf3 13. Qxf3 g6 14. Be3 Ne6 15. Nf5 Qd7 16. Rad1 h6 17. Rd3 gxf5 18. exf5 Ng5 19. Qxa8+ Ke7 20. Bxg5+ hxg5 21. Rxe5+ Kf6 22. Re8 Rh4 23. Rxf8 Qxf5 24. Qd8+ 1-0


[Site "https://www.chess.com"]

[Event "Titled Tuesday Blitz January 17 Late 2023"]
[White "Melikhov, Evgeny V."]
[Black "Odegov, Artem"]
[WhiteFideId "4122046"]
[BlackFideId "34183644"]
[WhiteElo "2269"]
[BlackElo "2261"]
[Result "1-0"]
[Round "03"]
[TimeControl "180+2"]
[Date "2023.01.17"]
[WhiteClock "0:00:11"]
[BlackClock "0:00:02"]

1. d4 Nf6 2. c4 e6 3. Nc3 Bb4 4. Qc2 O-O 5. e4 d5 6. e5 Ne4 7. Bd3 f5 8. exf6 Nxf6 9. Nf3 c5 10. a3 cxd4 11. axb4 dxc3 12. bxc3 Nc6 13. O-O e5 14. cxd5 Qxd5 15. Ng5 h6 16. Ne4 Be6 17. Nxf6+ Rxf6 18. Be4 Qc4 19. Bd3 Qh4 20. Qe2 Raf8 21. Qe4 Qxe4 22. Bxe4 Bc4 23. Re1 Rxf2 24. Be3 Rb2 25. Bc5 Rd8 26. Rad1 Rbd2 27. Rxd2 Rxd2 28. Bxc6 bxc6 29. Bxa7 Bd5 30. Rxe5 Rxg2+ 31. Kf1 Rxh2 32. Bd4 Rh4 33. Kf2 Rg4 34. b5 Bh1 35. b6 c5 36. Bxc5 Rg6 37. Bd4 Rf6+ 38. Kg3 Rf7 39. Rc5 Kh7 40. Rc7 1-0


[Site "https://www.chess.com"]

[Event "Titled Tuesday Blitz January 17 Late 2023"]
[White "Seletsky, Grigory"]
[Black "Pert, Richard G"]
[WhiteFideId "14112191"]
[BlackFideId "404748"]
[WhiteElo "2259"]
[BlackElo "2412"]
[Result "0-1"]
[Round "03"]
[TimeControl "180+2"]
[Date "2023.01.17"]
[WhiteClock "0:01:16"]
[BlackClock "0:01:09"]

1. e4 c5 2. Nc3 Nc6 3. d3 g6 4. Be3 b6 5. d4 cxd4 6. Bxd4 Nxd4 7. Qxd4 Nf6 8. e5 Nh5 9. e6 f6 10. Bb5 a6 11. exd7+ Bxd7 12. Bxd7+ Qxd7 13. Qxb6 Bh6 14. Rd1 Qc8 15. Nd5 Rb8 16. Nc7+ Kf7 17. Qc6 Rd8 18. Qc4+ e6 19. Rxd8 Qxd8 20. Nxe6 Qd2+ 0-1


[Site "https://www.chess.com"]

[Event "Titled Tuesday Blitz January 17 Late 2023"]
[White "Rian, Kapriaga"]
[Black "Karttunen, Mika"]
[WhiteFideId "7103263"]
[BlackFideId "502081"]
[WhiteElo "2089"]
[BlackElo "2490"]
[Result "0-1"]
[Round "03"]
[TimeControl "180+2"]
[Date "2023.01.17"]
[WhiteClock "0:00:01"]
[BlackClock "0:00:19"]

1. d4 d5 2. Nf3 e6 3. Bf4 Bd6 4. Bg3 Nf6 5. e3 O-O 6. c4 b6 7. cxd5 exd5 8. Nc3 a6 9. Bd3 Bb7 10. O-O Qe7 11. Qc2 Nbd7 12. Rfc1 Rfe8 13. a3 Bxg3 14. hxg3 g6 15. b4 Qd6 16. Qb3 Kg7 17. a4 Ng4 18. Re1 Ndf6 19. Rac1 Re7 20. Nh2 h5 21. Nxg4 Nxg4 22. Be2 Nf6 23. Bf3 g5 24. Qb2 g4 25. Be2 Rh8 26. Bd3 h4 27. gxh4 g3 0-1


[Site "https://www.chess.com"]